 Dungeon Crawl Stone Soup version 0.31-a0-868-g674d60d6f7 (webtiles) character file.

Game seed: 7936807617963789774

129 Dordric the Magician (level 5, 0/38 HPs)
             Began as a Djinni Warper on Oct 11, 2023.
             Slain by a black bear (2 damage)
             ... on level 3 of the Dungeon.
             The game lasted 00:02:46 (1901 turns).

Dordric the Magician (Djinni Warper)                Turns: 1901, Time: 00:02:46

Health: 0/38       AC:  3    Str: 10    XL:     5   Next: 35%
Gold:   117        EV: 12    Int: 14    God:
                   SH:  0    Dex: 15

rFire   + + .        a - +1 falchion (drain)
rCold   x . .        (no shield)
rNeg    + . .        b - +0 leather armour
rPois   ∞            (no helmet)
rElec   .            (no cloak)
rCorr   .            (no gloves)
SInv    .            (boots unavailable)
Will    .....        (no amulet)
Stlth   +            p - ring of positive energy
HPRegen 0.26/turn    (no ring)
MPRegen 0.00/turn

%: infuse magic (-1 HP)
@: flying
A: sickness immunity, fire resistance 2, cold vulnerability 1, float, innate
caster, HP casting, extra vitality 1
a: no special abilities


You were on level 3 of the Dungeon.
You visited 1 branch of the dungeon, and saw 3 of its levels.

You collected 117 gold pieces.

Inventory:

Hand Weapons
 a - a +1 falchion of draining (weapon)
 k - a +4 whip
Missiles
 d - 7 darts of dispersal
Armour
 b - a +0 leather armour (worn)
Jewellery
 p - a ring of positive energy (left hand)
Scrolls
 c - 2 scrolls of blinking
 e - a scroll of noise
Potions
 f - 2 potions of haste {unknown}
 j - a potion of might {unknown}
 o - a potion of heal wounds {unknown}


   Skills:
 - Level 2.0 Fighting
 + Level 3.5 Long Blades
 - Level 0.7 Throwing
 - Level 1.0 Armour
 - Level 2.1 Dodging
 + Level 3.7 Spellcasting
 + Level 3.7 Conjurations
 + Level 3.7 Hexes
 + Level 3.7 Summonings
 + Level 3.7 Necromancy
 + Level 3.7 Translocations
 + Level 3.7 Transmutations
 + Level 3.7 Fire Magic
 + Level 3.7 Ice Magic
 + Level 3.7 Air Magic
 + Level 3.7 Earth Magic
 + Level 3.7 Poison Magic


You knew the following spells:

 Your Spells              Type           Power      Damage    Failure   Level
a - Blink                 Tloc           26%        N/A       9%          2
b - Lesser Beckoning      Tloc           26%        N/A       9%          2
c - Teleport Other        Tloc           13%        N/A       17%         3
d - Manifold Assault      Tloc           13%        N/A       50%         4
e - Vhi's Electric Charg  Tloc/Air       26%        N/A       50%         4
f - Slow                  Hex            52%        N/A       6%          1
g - Call Imp              Summ           26%        N/A       9%          2
Your spell library was empty.

Dungeon Overview and Level Annotations

Branches:
Dungeon (3/15)

Altars:


Innate Abilities, Weirdness & Mutations

You are immune to sickness and miasma.
You are immune to poison.
Your flesh is very heat resistant. (rF++)
You are vulnerable to cold. (rC-)
You float through the air rather than walking.
You learn spells naturally, not from books.
Your magical power is your life essence.
You have superior vitality. (+4 MHP)


Message History

The black bear closely misses you.
Casting: Call Imp (safe; 9% risk of failure)
Confirm with . or Enter, or press ? or * to list all spells.
Okay, then.
Casting: Call Imp (safe; 9% risk of failure)
Confirm with . or Enter, or press ? or * to list all spells.
Aiming: Slow (safe; 6% risk of failure)
Press: ? - help, Shift-Dir - straight line, f - black bear
Aim: a black bear (lightly wounded, chance to affect: 47%)
The black bear resists with some effort.
The black bear bites you. The black bear closely misses you.
The black bear claws you.
* * * LOW HITPOINT WARNING * * *
Casting: Slow (safe; 6% risk of failure)
Confirm with . or Enter, or press ? or * to list all spells.
Aiming: Slow (safe; 6% risk of failure)
Press: ? - help, Shift-Dir - straight line, f/p - black bear
Aim: a black bear (lightly wounded, chance to affect: 47%)
The black bear resists with some effort.
* * * LOW HITPOINT WARNING * * *
The black bear bites you.
* * * LOW HITPOINT WARNING * * *
The black bear claws you but does no damage.
The black bear claws you.
* * * LOW HITPOINT WARNING * * *
The black bear attacks as it pursues you!
The black bear completely misses you. The black bear claws you.
* * * LOW HITPOINT WARNING * * *
The black bear claws you but does no damage.
Casting: Slow (safe; 6% risk of failure)
Confirm with . or Enter, or press ? or * to list all spells.
Aiming: Slow (safe; 6% risk of failure)
Press: ? - help, Shift-Dir - straight line, f/p - black bear
Aim: a black bear (lightly wounded, chance to affect: 47%)
The black bear seems to slow down.
* * * LOW HITPOINT WARNING * * *
The black bear bites you.
* * * LOW HITPOINT WARNING * * *
The black bear claws you.
You die...

#...................#######
#######.#.#.......###............
........#.#....<..# ####.#####...
.########.#..).#### ### ###.. .#
#...#### ♣♣### .# ##########
♣♣♣♣♣♣ ♣♣♣♣♣ .# #...# ♣♣♣....♣♣
♣♣♣♣♣ .# #.### ♣♣♣..♣♣♣..♣♣♣♣♣♣♣.
.###.# ♣♣♣@.♣♣♣ ♣..........
....## ♣♣Jh♣♣♣ ♣♣...♣♣♣♣♣♣ ###.#
♣♣.♣♣♣ ♣♣♣♣...♣ #.# *****♣.♣♣
*♣.....♣♣♣♣ #.# *,*,*♣.♣*
*♣.♣♣♣♣....♣♣♣ ###.# **,,,...*
*,** ♣♣♣♣...♣♣ ....# *,,,..♣♣♣
*,** ♣♣.... ###.# *,,/..* *,,**
♣♣♣.. #<# **..[♣* ***,* ♣♣♣


You could see a black bear (slow) and an endoplasm.

Vanquished Creatures
  An orc priest (D:2)
  An orc wizard (D:1)
  3 adders
  A dart slug (D:2)
  3 orcs
  3 ball pythons
  2 endoplasms
  4 goblins (D:1)
  9 hobgoblins
  2 jackals (D:1)
  3 kobolds (D:1)
  3 bats
  A frilled lizard (D:2)
  2 rats
38 creatures vanquished.

Vanquished Creatures (collateral kills)
  A bat (D:2)
  A kobold (D:2)
  A goblin (D:2)
3 creatures vanquished.

Grand Total: 41 creatures vanquished

Notes
Turn   | Place    | Note
-------+----------+-------------------------------------------
     0 | D:1      | Dordric the Djinni Warper began the quest for the Orb.
     0 | D:1      | Dordric set off with the following spells memorised: Blink,
                  | Lesser Beckoning, Teleport Other, Manifold Assault, Vhi's
                  | Electric Charge.
     0 | D:1      | Reached XP level 1. HP: 18/18 MP: 0/0
    70 | D:1      | Reached XP level 2. HP: 23/23 MP: 0/0
   651 | D:1      | Reached XP level 3. HP: 21/28 MP: 0/0
   651 | D:1      | Learned a level 1 spell: Slow
   763 | D:2      | Reached XP level 4. HP: 25/33 MP: 0/0
   851 | D:2      | HP: 1/33 [orc priest/+0 trident (4)]
  1179 | D:2      | Reached XP level 5. HP: 30/38 MP: 0/0
  1179 | D:2      | Learned a level 2 spell: Call Imp
  1879 | D:3      | Noticed a black bear
  1901 | D:3      | Slain by a black bear

Illustrated notes

Levels and vault maps discovered:
D:1:      mrwooster_arrival_arrow, layout_basic, hex_large
D:2:      layout_basic
D:3:      kb_forest_paths, layout_loops_ring,
          shapermc_ecumenical_altar_notcrosses

Skill      XL: |  1  2  3  4 |
---------------+-------------+-----
Long Blades    | 2 3 |  3.5
Spellcasting   | 3 |  3.7
Conjurations   | 3 |  3.7
Hexes          | 3 |  3.7
Summonings     | 3 |  3.7
Necromancy     | 3 |  3.7
Translocations | 3 |  3.7
Transmutations | 3 |  3.7
Fire Magic     | 3 |  3.7
Ice Magic      | 3 |  3.7
Air Magic      | 3 |  3.7
Earth Magic    | 3 |  3.7
Poison Magic   | 3 |  3.7
Fighting       | |  2.0
Throwing       | |  0.7
Armour         | |  1.0
Dodging        | |  2.1

Action                     |  1- 3 |  4- 6 || total
---------------------------+-------+-------++-------
  Melee: Falchion          |    39 |    23 ||    62
         Whip              |    22 |    72 ||    94
         Punch             |       |     1 ||     1
   Cast: Slow              |       |     3 ||     3
         Call Imp          |       |     2 ||     2
    Use: Scroll            |       |     9 ||     9
 Armour: Leather armour    |    49 |    75 ||   124
  Dodge: Dodged            |    41 |    82 ||   123

Table legend: (Time is in decaauts)
 A = Elapsed time spent in this place.
 B = Non-inter-level travel time spent in this place.
 C = Inter-level travel time spent in this place.
 D = Time resting spent in this place.
 E = Time spent auto-exploring this place.
 F = Levels seen in this place.
 G = Mean time per level.
                   A        B        C        D        E       F      G
               +--------+--------+--------+--------+--------+-----+--------+
         Total |   1924 |   1874 |     50 |    221 |   1281 |   3 |  641.3 |
       Dungeon |   1924 |   1874 |     50 |    221 |   1281 |   3 |  641.3 |
               +--------+--------+--------+--------+--------+-----+--------+

Top non-repeatable levels by time:
     D:1: 1007 daAuts
     D:2: 687 daAuts
     D:3: 229 daAuts
